 Dungeon Crawl Stone Soup version 0.25-a0-690-g234afa57d4 (webtiles) character file.

Game seed: 14803750256047434602, levelgen mode: deterministic

3138 kae the Grappler (level 9, -4/84 HPs)
             Began as a Black Draconian Transmuter on Mar 30, 2020.
             Was a Follower of Hepliaklqana.
             Slain by a two-headed ogre
             ... wielding a +0 great mace
              (19 damage)
             ... on level 8 of the Dungeon.
             The game lasted 00:06:49 (7773 turns).

kae the Grappler (Black Draconian Transmuter)       Turns: 7773, Time: 00:06:50

Health: -4/84      AC:  6    Str: 16    XL:     9   Next: 61%
Magic:  16/17      EV: 10    Int: 18    God:    Hepliaklqana [*.....]
Gold:   386        SH:  0    Dex: 11    Spells: 4/19 levels left

rFire    . . .     SeeInvis .     - Unarmed
rCold    + + +     Gourm    .   (shield currently unavailable)
rNeg     . . .     Faith    .   (armour unavailable)
rPois    +         Spirit   .   (helmet currently unavailable)
rElec    .         Reflect  .   (cloak currently unavailable)
rCorr    .         Harm     .   (gloves currently unavailable)
MR       .....                  (boots currently unavailable)
Stlth    +.........             e - amulet of magic regeneration
HPRegen  0.24/turn              x - ring of protection from fire
MPRegen  0.40/turn              r - +4 ring of strength

@: ice-form, lightly drained
A: large, (breathe lightning), unfitting armour, reduced essence, AC +7
a: End Transformation, Recall Ancestor, Ancestor Identity, Renounce Religion


You were on level 8 of the Dungeon.
You worshipped Hepliaklqana.
Hepliaklqana was aware of your devotion.
You were not hungry.
You were a creature of crystalline ice.
You visited 2 branches of the dungeon, and saw 9 of its levels.

You collected 386 gold pieces.

Inventory:

Hand Weapons
 b - a +1 hand axe
Missiles
 a - 159 arrows
Armour
 o - a +1 pair of boots (melded)
Jewellery
 e - an amulet of magic regeneration (around neck)
 g - an uncursed ring of protection from cold
 l - an uncursed ring of see invisible
 r - a +4 ring of strength (right front paw)
 w - an uncursed ring of protection from cold
 x - a ring of protection from fire (left front paw)
Wands
 k - a wand of paralysis (8)
 m - a wand of random effects (11)
 p - a wand of scattershot (4)
Scrolls
 f - 3 scrolls of teleportation
 i - 3 scrolls of remove curse
 s - 2 scrolls of blinking
 t - 2 scrolls of magic mapping
 y - a scroll of fog
Potions
 d - 2 potions of invisibility
 h - a potion of stabbing
 j - a potion of resistance
 n - a potion of curing
 q - 2 potions of might
 u - 2 potions of mutation
 v - 2 potions of degeneration {unknown}
 z - a potion of haste
 A - a potion of heal wounds {unknown}
Comestibles
 c - 15 rations


   Skills:
 + Level 6.6 Fighting
 - Level 1.7 Dodging
 * Level 9.1 Unarmed Combat
 + Level 5.8 Spellcasting
 + Level 6.4(6.3) Transmutations


You had 4 spell levels left.
You knew the following spells:

 Your Spells              Type           Power        Failure   Level  Hunger
a - Beastly Appendage     Tmut           ####..       1%          1    None
b - Sticks to Snakes      Tmut           ####....     1%          2    None
c - Spider Form           Tmut/Pois      ###.......   10%         3    ##.....
d - Blade Hands           Tmut           ####......   24%         5    #####..
e - Ice Form              Ice/Tmut       ###.....     32%         4    ####...

Your spell library contained the following spells:

 Spells                   Type           Power        Failure   Level  Hunger
 Animate Skeleton         Necr           N/A          12%         1    None
 Foxfire                  Conj/Fire      #...         12%         1    None
 Pain                     Necr           #...         12%         1    None
 Vampiric Draining        Necr           #.........   36%         3    ##.....
 Animate Dead             Necr           N/A          77%         4    ####...
 Cause Fear               Hex            #.........   77%         4    ####...
 Agony                    Necr           #.......     98%         5    #####..
 Dragon Form              Tmut           ####......   100%        7    #######
 Dragon's Call            Summ           #.........   100%        9    #######


Dungeon Overview and Level Annotations

Branches:
Dungeon (8/15)             Temple (1/1) D:6
   Lair: D:8-11

Altars:
Ashenzari
Cheibriados
Dithmenos
Elyvilon
Fedhas
Gozag
Hepliaklqana
Kikubaaqudgha
Makhleb
Nemelex Xobeh
Okawaru
Qazlal
Ru
Sif Muna
Trog
Uskayaw
Vehumet
Wu Jian
Xom
Yredelemnul
Zin
The Shining One


Innate Abilities, Weirdness & Mutations

((You can breathe wild blasts of lightning.))
((Your glossy black scales are hard. (AC +7)))
You cannot fit into any form of body armour.
((You are resistant to electric shocks. (rElec)))
((You are cold-blooded and may be slowed by cold attacks.))
Your life essence is reduced to manifest your ancestor. (-10% HP)


Message History

You are too injured to fight recklessly!
You are too injured to fight recklessly!
You are too injured to fight recklessly!
You are too injured to fight recklessly!
You are too injured to fight recklessly!
You are too injured to fight recklessly!
You hit the two-headed ogre. You freeze the two-headed ogre.
The two-headed ogre is heavily wounded.
Centenhua hits the two-headed ogre but does no damage.
You punch the two-headed ogre! You freeze the two-headed ogre.
The two-headed ogre is severely wounded.
The two-headed ogre hits you with a +0 great mace!
The two-headed ogre hits you with a +0 giant club!
You punch the two-headed ogre! You freeze the two-headed ogre.
The two-headed ogre is almost dead.
Centenhua barely misses the two-headed ogre.
The two-headed ogre hits you with a +0 great mace!
* * * LOW HITPOINT WARNING * * *
The two-headed ogre hits you with a +0 giant club!!
You die...

... ##......##......##.
#. ##.......##......)..
#. #..#..##............
#..###.#..##..#.###.....
..............## #.#<..
#.........## ##.....
#....##....# #.....#
####.......## ##.....
.#Y..###..# #......
#..OR.###..####......
#.........###......##
...........###..##...#
#........##.....###..##
#........###.....####.#
....###### ##<....# ###
...# ##..### ####


You could see the friendly Centenhua the ancestor and a two-headed ogre.

Vanquished Creatures
  Pikel (D:4)
  Prince Ribbit (D:6)
  A steam dragon (D:7)
  Edmund (D:6)
  An orc warrior (D:5)
  A slave (D:4)
  An ice beast (D:6)
  5 ogres
  A phantom (D:4)
  2 centaurs
  2 jellies
  11 wights
  2 crimson imps
  3 hounds
  2 orc priests
  5 orc wizards
  A quasit (D:7)
  A bullfrog skeleton (D:6)
  Jessica (D:3)
  3 iguanas
  Natasha (thrice) (D:4)
  3 worker ants
  A hound zombie (D:6)
  A howler monkey zombie (D:8)
  A worker ant zombie (D:5)
  8 adders
  A howler monkey skeleton (D:5)
  A shadow imp (D:5)
  An ooze (D:1)
  A worm (D:2)
  A dart slug (D:4)
  8 leopard geckos
  8 orcs
  3 ball pythons
  3 giant cockroaches
  6 goblins
  8 hobgoblins
  4 jackals (D:1)
  3 quokkas
  A ball python skeleton (D:4)
  7 bats
  6 frilled lizards
  2 jackal zombies
  6 kobolds
  2 leopard gecko zombies
  5 rats
140 creatures vanquished.

Vanquished Creatures (collateral kills)
  A hound (D:7)
1 creature vanquished.

Vanquished Creatures (others)
  A scorpion (D:4)
  An ancestor (D:7)
  An adder (D:6)
  A giant cockroach (D:4)
4 creatures vanquished.

Grand Total: 145 creatures vanquished

Notes
Turn   | Place    | Note
-------+----------+-------------------------------------------
     0 | D:1      | kae the Draconian Transmuter began the quest for the Orb.
     0 | D:1      | Reached XP level 1. HP: 16/16 MP: 3/3
   164 | D:1      | Reached XP level 2. HP: 20/23 MP: 3/5
   474 | D:1      | Reached XP level 3. HP: 29/29 MP: 6/6
  1321 | D:2      | Reached skill level 4 in Unarmed Combat
  1321 | D:2      | Reached XP level 4. HP: 18/36 MP: 7/7
  1530 | D:2      | Learned a level 2 spell: Sticks to Snakes
  1534 | D:2      | Learned a level 3 spell: Spider Form
  2408 | D:3      | Noticed Jessica
  2417 | D:3      | Killed Jessica
  2417 | D:3      | Reached XP level 5. HP: 38/42 MP: 5/9
  2520 | D:3      | Found a glowing golden altar of the Shining One,
  2883 | D:4      | Noticed Natasha
  2900 | D:4      | Reached XP level 6. HP: 36/50 MP: 4/10
  2903 | D:4      | Killed Natasha
  2941 | D:4      | Noticed Natasha
  2951 | D:4      | Killed Natasha
  2951 | D:4      | Reached skill level 5 in Unarmed Combat
  3113 | D:4      | Noticed Natasha
  3122 | D:4      | Killed Natasha
  3444 | D:4      | Noticed a slave
  3444 | D:4      | Noticed a slave
  3445 | D:4      | Noticed Pikel
  3461 | D:4      | Killed a slave
  3484 | D:4      | Killed Pikel
  3484 | D:4      | Reached skill level 6 in Unarmed Combat
  3484 | D:4      | Your scales start taking on a glossy black colour.
  3484 | D:4      | Reached XP level 7. HP: 8/59 MP: 8/13
  3484 | D:4      | Gained mutation: You are resistant to electric shocks.
                  | (rElec) [Black Draconian growth]
  4067 | D:5      | Entered Level 5 of the Dungeon
  4392 | D:5      | Reached XP level 8. HP: 44/67 MP: 8/14
  4762 | D:4      | Reached skill level 7 in Unarmed Combat
  4991 | D:5      | Reached skill level 5 in Fighting
  4991 | D:5      | Reached skill level 5 in Transmutations
  5195 | D:6      | Noticed Prince Ribbit
  5203 | D:6      | Killed Prince Ribbit
  5349 | D:6      | Learned a level 5 spell: Blade Hands
  5354 | D:6      | Learned a level 4 spell: Ice Form
  5364 | D:6      | Noticed Edmund
  5387 | D:6      | Killed Edmund
  5387 | D:6      | Reached skill level 5 in Spellcasting
  5740 | D:6      | Found a staircase to the Ecumenical Temple,
  5812 | D:6      | Reached skill level 8 in Unarmed Combat
  5820 | D:6      | Reached XP level 9. HP: 48/75 MP: 13/16
  6375 | Temple   | Entered the Ecumenical Temple
  6461 | Temple   | Became a worshipper of Hepliaklqana the Forgotten
  7210 | D:7      | Reached skill level 9 in Unarmed Combat
  7344 | D:7      | Reached * piety under Hepliaklqana
  7493 | D:7      | Found a sparkling altar of Nemelex Xobeh,
  7765 | D:8      | Noticed a two-headed ogre
  7773 | D:8      | Slain by a two-headed ogre

Levels and vault maps discovered:
D:1:      dpeg_arrival_signposts, layout_basic
D:2:      layout_basic
D:3:      layout_basic, first_ration, nicolae_tso_carved_into_rock, uniq_jessica
D:4:      layout_rooms, serial_curves, eino_curves_02, eino_curves_02,
          serial_park_tiny_pond, nicolae_underground_beach, uniq_natasha,
          uniq_pikel
D:5:      layout_basic
D:6:      layout_rooms, lemuel_temple_firewalk_b, lightli_corner_chamber,
          uniq_edmund, uniq_prince_ribbit1
D:7:      layout_basic, nicolae_overflow_hidden_temple, serial_bayou_lagoon_a,
          grunt_ogre_cave
D:8:      layout_cave_pools
Temple:   compressed_dpeg_circular_temple

Skill      XL: |  1  2  3  4  5  6  7  8  9 |
---------------+----------------------------+-----
Fighting       | 2 4 5 6 |  6.6
Unarmed Combat | 4 6 8 9 |  9.1
Transmutations | 3 4 5 6 |  6.4
Spellcasting   | 3 4 5 |  5.8
Dodging        | |  1.7

Action                   |  1- 3 |  4- 6 |  7- 9 || total
-------------------------+-------+-------+-------++-------
Melee: Unarmed           |     7 |    63 |   167 ||   237
       Hand axe          |   111 |    94 |    60 ||   265
       Kick              |    11 |       |       ||    11
       Tailslap          |     7 |     4 |     5 ||    16
       Punch             |     2 |       |     4 ||     6
       Headbutt          |     1 |     6 |     1 ||     8
 Cast: Beastly Appendage |    15 |    12 |     2 ||    29
       Spider Form       |       |    10 |    13 ||    23
       Sticks to Snakes  |       |       |     1 ||     1
       Ice Form          |       |       |    10 ||    10
       Blade Hands       |       |       |     2 ||     2
Invok: Recall Ancestor   |       |       |     1 ||     1
 Abil: End Transformatio |       |       |     1 ||     1
  Use: Potion            |     3 |       |     2 ||     5
       Scroll            |       |     6 |     5 ||    11
 Stab: Invisible         |     3 |       |       ||     3
       Distracted        |       |       |     1 ||     1
  Eat: Chunk             |     2 |     8 |    15 ||    25
       Ration            |       |       |     1 ||     1
Armor: Skin              |    73 |    53 |    38 ||   164
Dodge: Dodged            |   115 |    95 |   127 ||   337

Table legend:
 A = Non-vault XP
 B = Vault XP
 C = Vault XP percentage of total XP
 D = Non-vault monster count
 E = Vault monster count
 F = Vault count percentage of total count
                 A         B        C        D         E       F
            +---------+---------+-------+---------+---------+-------
      Total |    3279 |    1204 |  26.9 |     134 |       6 |   4.3
            +---------+---------+-------+---------+---------+-------
        D:1 |      43 |       0 |   0.0 |      24 |       0 |   0.0
        D:2 |     127 |       0 |   0.0 |      25 |       0 |   0.0
        D:3 |      80 |      37 |  31.6 |      13 |       1 |   7.1
        D:4 |     415 |     619 |  59.9 |      17 |       2 |  10.5
        D:5 |     776 |       0 |   0.0 |      19 |       0 |   0.0
        D:6 |     951 |     426 |  30.9 |      16 |       2 |  11.1
        D:7 |     702 |     122 |  14.8 |      15 |       1 |   6.2
        D:8 |     185 |       0 |   0.0 |       5 |       0 |   0.0
            +---------+---------+-------+---------+---------+-------
